 Dungeon Crawl Stone Soup version 0.19-a0-965-g50bf062 (webtiles) character file.

347 TheGoonsmith the Conjurer (level 6, -2/32 HPs)
             Began as a Gargoyle Fire Elementalist on July 12, 2016.
             Was a Follower of Vehumet.
             Slain by Duvessa
             ... wielding a cursed -2 rapier
              (8 damage)
             ... on level 4 of the Dungeon.
             The game lasted 00:08:17 (4456 turns).

TheGoonsmith the Conjurer (GrFE)                    Turns: 4456, Time: 00:08:18

Health: -2/32      AC:  6    Str: 21    XL:     6   Next: 59%
Magic:  1/11       EV: 12    Int: 17    God:    Vehumet [*.....]
Gold:   319        SH:  0    Dex: 10    Spells: 3 memorised, 3 levels left

rFire  . . .     SeeInvis .     k - +1 whip
rCold  . . .     Gourm    .     a - +0 robe
rNeg   + . .     Faith    .     (no shield)
rPois  ∞         Spirit   .     (no helmet)
rElec  +         Dismiss  .     (no cloak)
rCorr  .         Reflect  .     (no gloves)
SustAt .         Harm     .     (no boots)
MR     .....                    (no amulet)
Stlth  ++........               (no ring)
                                d - +4 ring of strength

@: mighty, very slightly contaminated, not resistant to hostile enchantments,
unstealthy
A: negative energy resistance 1, electricity resistance, unbreathing,
petrification resistance, rot immunity, AC +4
a: Renounce Religion


You were on level 4 of the Dungeon.
You worshipped Vehumet.
Vehumet was aware of your devotion.
You were not hungry.

You visited 1 branch of the dungeon, and saw 4 of its levels.
You also visited: Sewer.

You collected 319 gold pieces.

Inventory:

Hand Weapons
 k - a +1 whip (weapon)
Armour
 a - a +0 robe (worn)
 o - the +3 ring mail "Feotzuwneyh" {Str+4 Dex+3, unknown}
   (You found it in a sewer)

   It affects your strength (+4).
   It affects your dexterity (+3).
Jewellery
 d - a +4 ring of strength (left hand)
 s - an uncursed ring of protection from magic {unknown}
Wands
 m - a wand of iceblast (8/15)
Scrolls
 h - a scroll of fear
 j - 3 scrolls of teleportation
 r - a scroll of identify
Potions
 e - a potion of brilliance
 i - 4 potions of flight
 l - a potion of curing {unknown}
Books
 b - a book of Flames

   Spells                             Type                      Level
   a - Flame Tongue                   Conjuration/Fire             1
   b - Throw Flame                    Conjuration/Fire             2
   c - Conjure Flame                  Conjuration/Fire             3
   d - Inner Flame                    Hexes/Fire                   3
   e - Sticky Flame                   Conjuration/Fire             4
   f - Fireball                       Conjuration/Fire             5
 q - a book of Party Tricks

   Spells                             Type                      Level
   a - Summon Butterflies             Summoning                    1
   b - Apportation                    Translocation                1
   c - Tukima's Dance                 Hexes                        3
   d - Alistair's Intoxication        Transmutation/Poison         5
   e - Invisibility                   Hexes                        6
Comestibles
 c - 3 bread rations
 g - 2 meat rations
 n - 2 beef jerkies
 p - 2 fruits
 t - 3 chunks of flesh


   Skills:
 - Level 1.5 Dodging
 - Level 2.1 Stealth
 + Level 3.4 Spellcasting
 * Level 4.9 Conjurations
 + Level 4.5 Fire Magic


You had 3 spell levels left.
You knew the following spells:

 Your Spells              Type           Power        Failure   Level  Hunger
a - Flame Tongue          Conj/Fire      ###..        2%          1    None
c - Conjure Flame         Conj/Fire      ###.....     10%         3    ###....
s - Sticky Flame          Conj/Fire      ###.....     24%         4    ####...


Dungeon Overview and Level Annotations

Branches:
Dungeon (4/15)
 Temple: D:4-7

Altars:
Vehumet

Annotations:
D:4 Dowan, Duvessa


Innate Abilities, Weirdness & Mutations

You are resistant to torment.
Your stone body is resilient. (AC +4)
You are immune to poison.
You resist negative energy. (rN+)
You are resistant to electric shocks. (rElec)
You can survive without breathing.
You are immune to petrification.
You are immune to rotting.


Message History

Duvessa hits you with an enchanted rapier.
Found a blue potion.
Found a stone staircase leading up.
Dowan mumbles some strange words.
Dowan blinks!
You hit Dowan.
Dowan is severely wounded.
Duvessa hits you with an enchanted rapier.
* * * LOW HITPOINT WARNING * * *
Dowan hits you with a dagger.
* * * LOW HITPOINT WARNING * * *
Duvessa hits you but does no damage.
You feel very mighty all of a sudden. Duvessa closely misses you.
Dowan hits you but does no damage.
Casting: Flame Tongue
Confirm with . or Enter, or press ? or * to list all spells.
You don't have enough magic to cast that spell.
You barely miss Dowan.
Dowan is severely wounded.
Duvessa hits you with an enchanted rapier!
You die...

.......≈≈≈##≈...≈#........#
.#####.≈≈≈###..≈##........#
.# #..≈## #####.........#
.# ##### ######.#### .#
#..# .# ##.## ### .. #..#
... ##
#.##.##########.##.##
.<....e@e...........#
......#########..#..# .....
#..<(...# .!..
..............# ...
............### ..
........#..## .
#####.##..... #. ..>... #.
.......


You could see Duvessa and Dowan.

Vanquished Creatures
  The ghost of Ultraviolent4 the Chopper, an amateur VSMo (D:3)
  An orc wizard (D:3)
  A siren (Sewer)
  A merfolk avatar (Sewer)
  3 adders
  2 river rats (Sewer)
  An ooze (D:3)
  2 worms
  2 dart slugs (D:1)
  8 giant geckos
  6 orcs
  3 ball pythons (Sewer)
  9 giant cockroaches
  5 goblins
  9 hobgoblins
  3 jackals (D:3)
  2 quokkas (D:2)
  5 bats
  10 giant newts
  6 kobolds
  27 rats
107 creatures vanquished.

Notes
Turn   | Place    | Note
-------+----------+-------------------------------------------
     0 | D:1      | TheGoonsmith the Gargoyle Fire Elementalist began the quest for the Orb.
     0 | D:1      | Reached XP level 1. HP: 10/10 MP: 3/3
   216 | D:1      | Reached XP level 2. HP: 15/15 MP: 1/5
   830 | D:1      | Reached XP level 3. HP: 19/19 MP: 1/6
  2090 | D:3      | Reached XP level 4. HP: 12/24 MP: 0/7
  2746 | D:3      | Noticed Ultraviolent4's ghost (amateur VSMo)
  2778 | D:3      | Killed Ultraviolent4's ghost
  2778 | D:3      | Reached XP level 5. HP: 10/28 MP: 0/9
  3401 | D:4      | Noticed Duvessa
  3401 | D:4      | Noticed Dowan
  3514 | D:4      | Found a radiant altar of Vehumet.
  3519 | D:4      | Became a worshipper of Vehumet
  3584 | D:4      | Found a glowing drain.
  3592 | D:4      | Reached XP level 6. HP: 32/32 MP: 4/10
  3608 | Sewer    | Entered a sewer
  3931 | Sewer    | Reached * piety under Vehumet
  3931 | Sewer    | Offered knowledge of Shock by Vehumet.
  4259 | Sewer    | Got a twisted ring mail
  4324 | D:4      | Learned a level 4 spell: Sticky Flame
  4328 | D:4      | Learned a level 3 spell: Conjure Flame
  4456 | D:4      | Slain by Duvessa

Vault maps used:
D:1:      scummos_arrival_simple_crosswalls
D:2:      first_bread, st_stairs_7
D:4:      lemuel_doored_altar, gammafunk_temple_overflow_elements,
          gup_sewer_entry_pipe, serial_corexii_hall, corexii_hall_statues_x,
          corexii_hall_statues_i, uniq_duvessa, uniq_robin
Sewer:    sewer_sea

Skill      XL: |  1  2  3  4 |
---------------+-------------+-----
Conjurations   | 2 4 |  4.9
Spellcasting   | 3 |  3.4
Fire Magic     | 4 |  4.5
Dodging        | |  1.5
Stealth        | |  2.1

Action                   |  1- 3 |  4- 6 || total
-------------------------+-------+-------++-------
Melee: Unarmed           |    23 |       ||    23
       Whip              |    10 |    34 ||    44
 Cast: Flame Tongue      |    66 |   111 ||   177
       Sticky Flame      |       |     1 ||     1
  Use: Scroll            |       |     7 ||     7
       Potion            |       |     1 ||     1
  Eat: Chunk             |     4 |     8 ||    12
Armor: Robe              |    11 |    27 ||    38
Dodge: Dodged            |    23 |    56 ||    79
